 Dungeon Crawl Stone Soup version 0.25-a0-426-g7d9e569eea (webtiles) character file.

Game seed: 9424296855365916828, levelgen mode: deterministic

64 Kohma the Changer (level 3, -7/28 HPs)
             Began as a Draconian Transmuter on Jan 25, 2020.
             Killed from afar by an orc wizard (10 damage)
             ... with a puff of frost
             ... on level 2 of the Dungeon.
             The game lasted 00:04:33 (1958 turns).

Kohma the Changer (Draconian Transmuter)            Turns: 1958, Time: 00:04:34

Health: -7/28      AC:  5    Str: 12    XL:     3   Next: 91%
Magic:  1/6        EV: 12    Int: 14    God:
Gold:   63         SH:  0    Dex: 11    Spells: 0/6 levels left

rFire    . . .     SeeInvis .     - Unarmed
rCold    . . .     Gourm    .   (no shield)
rNeg     . . .     Faith    .   (armour unavailable)
rPois    .         Spirit   .   (helmet restricted)
rElec    .         Reflect  .   (no cloak)
rCorr    .         Harm     .   (no gloves)
MR       .....                  (boots currently unavailable)
Stlth    +.........             (no amulet)
HPRegen  0.09/turn              (no ring)
MPRegen  0.10/turn              (no ring)

@: appendage
A: unfitting armour, talons 3, cold-blooded, AC +5
a: End Transformation


You were on level 2 of the Dungeon.
You were hungry.
You had grown temporary talons.
You visited 1 branch of the dungeon, and saw 2 of its levels.

You collected 63 gold pieces.

Inventory:

Missiles
 a - 5 arrows
 d - 24 poisoned darts (quivered)
Scrolls
 b - 5 scrolls of identify {unknown}
 f - a scroll of fog {unknown}
 g - a scroll of amnesia {unknown}
 j - a scroll of remove curse {unknown}
Potions
 e - a potion of curing {unknown}
 h - a potion of flight {unknown}
 i - 2 potions of ambrosia {unknown}
Comestibles
 c - 3 rations


   Skills:
 - Level 1.1 Fighting
 - Level 1.7 Dodging
 - Level 3.0 Unarmed Combat
 - Level 2.0 Spellcasting
 + Level 4.3 Transmutations


You couldn't memorise any spells.
You knew the following spells:

 Your Spells              Type           Power        Failure   Level  Hunger
a - Beastly Appendage     Tmut           ##....       4%          1    ##.....
b - Sticks to Snakes      Tmut           ##......     6%          2    ###....
c - Spider Form           Tmut/Pois      #.........   30%         3    ####...

Your spell library contained the following spells:

 Spells                   Type           Power        Failure   Level  Hunger
 Ice Form                 Ice/Tmut       #.......     69%         4    #####..
 Blade Hands              Tmut           ##........   75%         5    ######.


Dungeon Overview and Level Annotations

Branches:
Dungeon (2/15)

Altars:
Zin

Shops:
D:2 *


Innate Abilities, Weirdness & Mutations

Your plain brown scales are hard. (AC +5)
You cannot fit into any form of body armour.
You are cold-blooded and may be slowed by cold attacks.
You have claws for feet.


Message History

The orc wizard is heavily wounded.
The orc wizard closely misses you. x2
You hit the orc wizard. Your kick misses the orc wizard.
Your tail-slap misses the orc wizard.
The orc wizard is almost dead.
The orc wizard casts a spell at you. The magic dart hits you.
You barely miss the orc wizard. Your kick misses the orc wizard.
The orc wizard is almost dead.
The orc wizard casts a spell at you. The magic dart hits you.
* * * LOW HITPOINT WARNING * * *
The orc wizard mumbles some strange words.
The orc wizard flickers and vanishes!
You closely miss something. Your kick misses something.
Something barely misses you.
You hear some strange, mumbled words.
A puff of frost appears from out of thin air!
The puff of frost hits you!
You die...

#.#
####.##########
........).....##
.....#####.....##
#....####.......##
.................#
.......##........#
.......###.....#.#
..∩....).##...##@#
.....###.###.###{#
....## #.# #.# #{#
#..## #.# #.# #o#
#### #.# #.# #o#
#.# #.# #.## #.#
#.# #..# #.# #.#
##.# #.# #.# #.#


You could see 2 orcs.

Vanquished Creatures
  An adder (D:2)
  A dart slug (D:2)
  A leopard gecko (D:2)
  4 bats
  3 giant cockroaches
  7 hobgoblins
  2 jackals (D:1)
  A quokka (D:2)
  A ball python (D:2)
  3 frilled lizards
  9 goblins
  2 kobolds
  8 rats
43 creatures vanquished.

Vanquished Creatures (collateral kills)
  An adder (D:2)
  A bat (D:2)
  A giant cockroach (D:2)
  A rat (D:2)
4 creatures vanquished.

Grand Total: 47 creatures vanquished

Notes
Turn   | Place    | Note
-------+----------+-------------------------------------------
     0 | D:1      | Kohma the Draconian Transmuter began the quest for the Orb.
     0 | D:1      | Reached XP level 1. HP: 16/16 MP: 3/3
   215 | D:1      | Reached XP level 2. HP: 22/23 MP: 5/5
   278 | D:1      | Reached skill level 3 in Transmutations
   933 | D:2      | Reached XP level 3. HP: 28/28 MP: 4/6
   937 | D:2      | Learned a level 2 spell: Sticks to Snakes
   941 | D:2      | Learned a level 3 spell: Spider Form
  1345 | D:2      | Reached skill level 4 in Transmutations
  1656 | D:2      | Found Zin's Purification Station.
  1658 | D:2      | Found a glowing silver altar of Zin.
  1958 | D:2      | Killed from afar by an orc wizard

Levels and vault maps discovered:
D:1:      lemuel_arrival_hallway, layout_loops_ring
D:2:      layout_loops_ring, zin_purify, hangedman_decor_riveting

Skill      XL: |  1  2  3 |
---------------+----------+-----
Transmutations | 3 4 |  4.3
Fighting       | |  1.1
Dodging        | |  1.7
Unarmed Combat | |  3.0
Spellcasting   | |  2.0

Action                   || total
-------------------------++-------
Melee: Unarmed           ||   149
       Headbutt          ||     7
       Tailslap          ||    15
       Kick              ||     8
       Punch             ||     2
 Cast: Beastly Appendage ||    25
       Sticks to Snakes  ||     7
 Stab: Sleeping          ||     1
  Eat: Chunk             ||     4
Armor: Skin              ||    50
Dodge: Dodged            ||    84

Table legend:
 A = Non-vault XP
 B = Vault XP
 C = Vault XP percentage of total XP
 D = Non-vault monster count
 E = Vault monster count
 F = Vault count percentage of total count
                 A         B        C        D         E       F
            +---------+---------+-------+---------+---------+-------
      Total |      92 |       0 |   0.0 |      47 |       0 |   0.0
            +---------+---------+-------+---------+---------+-------
        D:1 |      40 |       0 |   0.0 |      26 |       0 |   0.0
        D:2 |      52 |       0 |   0.0 |      21 |       0 |   0.0
            +---------+---------+-------+---------+---------+-------
